 Dungeon Crawl Stone Soup version 0.31-a0-188-g5e087ee2ca (webtiles) character file.

Game seed: 11672633043297268932

119 qw the Skirmisher (level 4, 0/25 HPs)
             Began as a Deep Elf Hunter on June 23, 2023.
             Slain by a kobold brigand
             ... wielding a +0 club
              (2 damage)
             ... in a sewer.
             The game lasted 00:00:55 (1796 turns).

qw the Skirmisher (Deep Elf Hunter)                 Turns: 1796, Time: 00:00:56

Health: 0/25       AC:  7    Str: 10    XL:     4   Next: 73%
Magic:  0/6        EV: 11    Int: 14    God:
Gold:   119        SH:  0    Dex: 18    Spells: 3/3 levels left

rFire   . . .        Y - +0 shortbow
rCold   + . .        (shield currently unavailable)
rNeg    . . .        i - +0 ring mail
rPois   .            (no helmet)
rElec   +            (no cloak)
rCorr   .            b - +1 pair of gloves
SInv    +            (no boots)
Will    .....        c - amulet "Tiplorphir" {Spirit rElec rC+}
Stlth   +            f - ring of see invisible
HPRegen 0.24/turn    (no ring)
MPRegen 0.10/turn

%: guardian spirit
@: no status effects
A: no striking features
a: no special abilities


You were in a sewer.
You visited 1 branch of the dungeon, and saw 3 of its levels.
You also visited: Sewer.

You collected 119 gold pieces.


   Skills:
 - Level 1.5 Fighting
 + Level 8.1 Ranged Weapons
 - Level 2.4 Dodging
 - Level 1.2 Stealth


You had 3 spell levels left.
You didn't know any spells.
Your spell library was empty.

Inventory:

Hand Weapons
 Y - a +0 shortbow (weapon)
Armour
 b - a +1 pair of gloves (worn)
 i - a +0 ring mail (worn)
Jewellery
 c - the amulet "Tiplorphir" (around neck) {Spirit rElec rC+}
   (You found it on level 3 of the Dungeon)

   [amulet of guardian spirit]

   It causes incoming damage to be divided between your reserves of health and
   magic.
   rC:        It protects you from cold.
   rElec:     It insulates you from electricity.
 f - a ring of see invisible (left hand)
Potions
 a - a potion of curing {unknown}
 d - a potion of brilliance {unknown}
 e - a potion of mutation {unknown}
 g - 2 potions of invisibility {unknown}
 h - 3 potions of cancellation {unknown}
 j - a potion of heal wounds {unknown}

Dungeon Overview and Level Annotations

Branches:
Dungeon (3/15)              Sewer (1/1)

Altars:


Message History

The kobold closely misses you. The kobold hits you but does no damage.
The kobold brigand hits you with a +0 club. x2
The kobold hits you with a +0 short sword.
The kobold brigand hits you with a +0 club. x2
The kobold hits you but does no damage.
You shoot an arrow. The arrow hits the kobold brigand.
The kobold brigand is moderately wounded.
The kobold hits you but does no damage. The kobold closely misses you.
The kobold brigand hits you with a +0 club.
The kobold brigand completely misses you.
You shoot an arrow.
The arrow closely misses the kobold brigand.
The kobold barely misses you. The kobold hits you but does no damage.
The kobold brigand hits you with a +0 club.
The kobold brigand barely misses you.
You shoot an arrow.
The arrow barely misses the kobold brigand.
The kobold barely misses you. The kobold misses you.
The kobold brigand closely misses you.
The kobold brigand hits you with a +0 club.
You shoot an arrow.
The arrow closely misses the kobold brigand.
The kobold hits you but does no damage. x2
The kobold brigand closely misses you. The kobold brigand barely misses you.
You shoot an arrow. The arrow hits the kobold brigand!
The kobold brigand is heavily wounded.
The kobold hits you with a +0 short sword.
The kobold hits you but does no damage. The kobold brigand barely misses you.
The kobold brigand closely misses you.
You shoot an arrow. The arrow hits the kobold brigand!
The kobold brigand is almost dead.
The kobold hits you but does no damage. The kobold barely misses you.
The kobold brigand hits you but does no damage. x2
The kobold hits you but does no damage.
The kobold brigand hits you with a +0 club.
You shoot an arrow. The arrow hits the kobold brigand.
The kobold brigand is almost dead.
The kobold barely misses you. The kobold hits you but does no damage.
The kobold brigand hits you with a +0 club.
You die...

~~P........~P~~P.#[...#...#
~############~~########'###
~ ~~~~~~~~~~~~~~~~~~~~~~# ~
~~~~~~~~~~~~~~~~~~~~~~# ~
~~~~~~~~~~~~~~~~~~~~~#
#######~~~#################
P...P~~P~~P~~....#....#
~..~~~..~~~~....KK..\.#
..P....P..~.....@KK...#
..P.............K#K.?.#
..P..............# ####
........%.......##
.....##P..P.....#
#...####..####### #####
####


You could see 2 kobold brigands and 4 kobolds.

Vanquished Creatures
  4 adders
  2 worms (D:2)
  A dart slug (D:1)
  An orc (D:3)
  13 bats
  2 endoplasms
  3 giant cockroaches
  4 goblins
  7 hobgoblins
  5 jackals
  11 kobolds
  A quokka (D:2)
  7 ball pythons
  3 frilled lizards
  9 rats
73 creatures vanquished.

Notes
Turn   | Place    | Note
-------+----------+-------------------------------------------
     0 | D:1      | qw the Deep Elf Hunter began the quest for the Orb.
     0 | D:1      | Reached XP level 1. HP: 12/12 MP: 3/3
     0 | D:1      | 0 ||| qw: Version: 0.3-a-9-g12657ce
     0 | D:1      | 0 ||| qw: Game counter: 3888
     0 | D:1      | 0 ||| qw: Always use a shield: true
     0 | D:1      | 0 ||| qw: God list: Okawaru
     0 | D:1      | 0 ||| qw: Allow faded altars: false
     0 | D:1      | 0 ||| qw: Do Orc after D:15 true
     0 | D:1      | 0 ||| qw: Do second Lair branch before Depths: true
     0 | D:1      | 0 ||| qw: Lair rune preference: random
     0 | D:1      | 0 ||| qw: Plans: Normal
     0 | D:1      | 0 ||| PLANNING D:1-11
   170 | D:1      | Reached XP level 2. HP: 16/16 MP: 4/4
   173 | D:1      | Reached skill level 6 in Ranged Weapons
   242 | D:1      | Found a faded altar of an unknown god.
   617 | D:1      | Reached XP level 3. HP: 20/20 MP: 5/5
   684 | D:1      | 684 ||| READING scroll labelled JEOCRICRUPAL.
   685 | D:1      | 685 ||| DROPPING scroll of butterflies.
   799 | D:2      | Reached skill level 7 in Ranged Weapons
   799 | D:2      | HP: 4/20 [poisoned by an adder]
   803 | D:2      | HP: 1/20 [poisoned by an adder]
  1028 | D:2      | Reached XP level 4. HP: 25/25 MP: 6/6
  1340 | D:2      | 1340 ||| UPGRADING to +0 pair of gloves.
  1345 | D:2      | 1345 ||| UPGRADING to +0 ring mail.
  1355 | D:2      | 1355 ||| DROPPING +0 leather armour.
  1356 | D:2      | 1356 ||| UPGRADING to ring of see invisible.
  1357 | D:2      | 1357 ||| READING 2 scrolls labelled TEF OXKU PYPP.
  1358 | D:2      | 1358 ||| READING scroll labelled ARIBUOJOAPEL.
  1359 | D:2      | 1359 ||| READING scroll labelled TUSEM GOGUREMIBY.
  1360 | D:2      | 1360 ||| DROPPING scroll of noise.
  1362 | D:2      | 1362 ||| Stepping ~*~*~tactically~*~*~ (cloud).
  1368 | D:2      | HP: 6/25 [poisoned by you (poison gas)]
  1461 | D:3      | 1461 ||| PLANNING SEWER
  1476 | D:3      | Identified the amulet "Tiplorphir" {Spirit rElec rC+}
  1542 | D:3      | Found a glowing drain.
  1543 | D:3      | 1543 ||| UPGRADING to amulet "Tiplorphir" {Spirit rElec
                  | rC+}.
  1561 | Sewer    | Entered a sewer
  1630 | Sewer    | Reached skill level 8 in Ranged Weapons
  1663 | Sewer    | 1663 ||| READING scroll of enchant armour.
  1663 | Sewer    | 1663 ||| ENCHANTING +0 pair of gloves.
  1711 | Sewer    | 1711 ||| Stepping ~*~*~tactically~*~*~ (water).
  1785 | Sewer    | Noticed a kobold brigand
  1785 | Sewer    | Noticed a kobold brigand
  1792 | Sewer    | HP: 5/25 [kobold brigand/+0 club (2)]
  1795 | Sewer    | HP: 2/25 [kobold brigand/+0 club (2)]
  1796 | Sewer    | Slain by a kobold brigand

Levels and vault maps discovered:
D:1:      dpeg_arrival_morbid_curiosity, layout_basic,
          ebering_ecumenical_altar_mist
D:2:      minmay_door_path, layout_rooms, hangedman_decor_points
D:3:      layout_basic, cheibrodos_sewer_entry_sluice
Sewer:    kennysheep_pipe_town

Skill      XL: |  1  2  3  4 |
---------------+-------------+-----
Ranged Weapons | 6 7 8 |  8.1
Fighting       | |  1.5
Dodging        | |  2.4
Stealth        | |  1.2

Action                     |  1- 3 |  4- 6 || total
---------------------------+-------+-------++-------
   Fire: Shortbow          |   121 |   101 ||   222
    Use: Scroll            |     1 |     4 ||     5
 Armour: Leather armour    |    19 |       ||    19
         Ring mail         |       |    25 ||    25
  Dodge: Dodged            |    35 |    34 ||    69

Table legend:
 A = Non-vault XP
 B = Vault XP
 C = Vault XP percentage of total XP
 D = Non-vault monster count
 E = Vault monster count
 F = Vault count percentage of total count
                 A         B        C        D         E       F
            +---------+---------+-------+---------+---------+-------
      Total |      99 |      71 |  41.8 |      42 |      31 |  42.5
            +---------+---------+-------+---------+---------+-------
        D:1 |      31 |      10 |  24.4 |      18 |       5 |  21.7
        D:2 |      58 |      23 |  28.4 |      18 |       6 |  25.0
        D:3 |      10 |       1 |   9.1 |       6 |       1 |  14.3
      Sewer |       0 |      37 | 100.0 |       0 |      19 | 100.0
            +---------+---------+-------+---------+---------+-------
